Match 46290253
Unlisted

Match 46290253
End
Vickers Machine Gun Team
Construct Section Command Post
Selects Canadian Shock Battlegroup
Infantry Section
Vickers Machine Gun Team
Infantry Section
Selects Attacking Spirit
Selects Canadian Shock Section
Construct Platoon Command Post
Unlock Bishop Self-propelled Artillery
Selects Incendiary Munitions
Canadian Shock Section
Grenade Package
Bishop Self-propelled Artillery
Construct Field Infirmary
Bishop Self-propelled Artillery
Light Vehicle Training
6-pounder Anti-tank Gun Team
Selects Pyrotechnics
Bishop Self-propelled Artillery
Construct Company Command Post
Selects Churchill Crocodile Heavy Tank
Churchill Crocodile Heavy Tank
Armored Vehicle Training
Matilda II Heavy Tank
Selects Smoke Operation
Matilda II Heavy Tank
Matilda II Heavy Tank
Foot Guards Section
Smoke Operation
sewage bill
TeamSpeakUser
LITTLE TRICKSTER
Da Cracka Whacka
krispykreme34
Feldsalat
stediscus
YEPCLOCK
0
0

Comments sign in to comment!

No comments posted yet!